 Dungeon Crawl Stone Soup version 0.17.1-3-g152610e (webtiles) character file.

119 Alarkh the Chopper (level 4, 0/33 HPs)
             Began as a Mummy Skald on Apr 17, 2016.
             Was an Initiate of Gozag.
             Slain by an iguana (7 damage)
             ... on level 4 of the Dungeon.
             The game lasted 00:05:07 (2902 turns).

Alarkh the Chopper (Mummy Skald)                    Turns: 2902, Time: 00:05:07

Health: 0/33       AC:  4    Str: 15      XL:     4   Next: 73%
Magic:  2/7        EV: 11    Int: 12      God:    Gozag
Gold:   69         SH:  0    Dex: 10 (11) Spells: 3 memorised, 2 levels left

rFire  x . .     SeeInvis .     a - +0 hand axe
rCold  + . .     Clarity  .     b - +0 leather armour
rNeg   + + +     SustAt   .     (no shield)
rPois  ∞         Gourm    .     (no helmet)
rElec  .         Spirit   .     e - +0 cloak
rCorr  .         Warding  .     (no gloves)
rMut   .         Stasis   .     (no boots)
MR     .....                    (no amulet)
Stlth  +.........               (no ring)
                                (no ring)

@: infused (expiring), not resistant to hostile enchantments, very unstealthy
A: no food or potions, fire vulnerability, cold resistance 1, negative energy
resistance 3, torment resistance, unbreathing
a: Potion Petition, Call Merchant, Bribe Branch, Renounce Religion


You were on level 4 of the Dungeon.
You worshipped Gozag.
Gozag was noncommittal.
You were not hungry.

You visited 2 branches of the dungeon, and saw 5 of its levels.

You collected 86 gold pieces.
You paid 17 gold pieces to Gozag.

Inventory:

Hand Weapons
 a - a +0 hand axe (weapon)
Armour
 b - a +0 leather armour (worn)
 e - a +0 cloak (worn)
Scrolls
 d - a scroll of amnesia {unknown}
 f - 2 scrolls of identify {unknown}
 g - a scroll of remove curse {unknown}
 h - a scroll of recharging {unknown}
 i - a scroll of teleportation {unknown}
 j - a scroll of magic mapping {unknown}
Books
 c - a book of Battle

   Spells                             Type                      Level
   a - Infusion                       Charms                       1
   b - Shroud of Golubria             Charms/Translocation         2
   c - Song of Slaying                Charms                       2
   d - Spectral Weapon                Hexes/Charms                 3
   e - Regeneration                   Charms/Necromancy            3


   Skills:
 - Level 2.0 Fighting
 + Level 4.1 Axes
 - Level 0.7 Armour
 - Level 0.7 Dodging
 - Level 2.0 Spellcasting
 - Level 2.4 Charms


You had 2 spell levels left.
You knew the following spells:

 Your Spells              Type           Power        Failure   Level  Hunger
a - Infusion              Chrm           #.....       14%         1    N/A
b - Song of Slaying       Chrm           #.......     21%         2    N/A
e - Shroud of Golubria    Chrm/Tloc      #.........   34%         2    N/A

Dungeon Overview and Level Annotations

Branches:
Dungeon (4/15)             Temple (1/1) D:4

Altars:
Ashenzari
Cheibriados
Dithmenos
Elyvilon
Fedhas
Gozag
Makhleb
Nemelex Xobeh
Okawaru
Qazlal
Trog
Xom
Zin
The Shining One

Annotations:
D:4 Eustachio; Tobisume's ghost, amateur DsGl


Innate Abilities, Weirdness & Mutations

You do not eat or drink.
Your flesh is vulnerable to fire.
You are immune to poison.
Your flesh is cold resistant.
You are immune to negative energy.
You are immune to unholy pain and torment.
You can survive without breathing.


Message History

The iguana bites you.
You are too injured to fight recklessly!
You are too injured to fight recklessly!
You are too injured to fight recklessly!
You hit the iguana but do no damage.
The iguana is severely wounded.
Your magical infusion is running out.
The iguana bites you!
* * * LOW HITPOINT WARNING * * *
You hit the iguana.
The iguana is severely wounded.
The iguana barely misses you. The iguana misses you.
You closely miss the iguana.
The iguana is severely wounded.
The iguana barely misses you.
You hit the iguana.
The iguana is almost dead.
The iguana bites you!
You die...
Your body crumbles into a pile of gold.

#.....(...# ####..#####.#
#.##.##.##########..#####.#
#.##.##.#.......##.....##.#
#.##.(..#.......###.##.##.####
#.#####.#.......# #.......#...
#.###...#.......# ##..........
#.......#.......####.#.####...
#####.###..........#.#.# ####
#.# ##...@.......#.#
###.####....l....###.#
#.<5...####...#### #.#
#.#55....##...# ##.######
#.#@.....##...# #.......#
#.#......####### #..####.#
#.##.<5..# ##.####..####.##
#.##....W####........#......
#..............####.##.##.##


You could see an iguana.

Vanquished Creatures
  A giant frog skeleton (D:4)
  3 adders (D:2)
  A shadow imp (D:4)
  A worm (D:2)
  A giant gecko (D:1)
  An orc (D:3)
  5 bats
  4 giant cockroaches
  7 hobgoblins
  A quokka (D:4)
  2 ball pythons
  3 giant newts
  6 goblins
  8 kobolds
  11 rats
55 creatures vanquished.

Notes
Turn   | Place    | Note
--------------------------------------------------------------
     0 | D:1      | Alarkh the Mummy Skald began the quest for the Orb.
     0 | D:1      | Reached XP level 1. HP: 16/16 MP: 3/3
   198 | D:1      | Reached XP level 2. HP: 19/22 MP: 0/5
   826 | D:2      | Reached XP level 3. HP: 20/27 MP: 2/6
   896 | D:2      | Reached skill level 3 in Axes
  1293 | D:2      | Reached XP level 4. HP: 18/33 MP: 0/7
  1731 | D:3      | Found a shimmering altar of Xom.
  1872 | D:3      | Found a white marble altar of Elyvilon.
  2099 | D:4      | Noticed Eustachio
  2292 | D:4      | Found a staircase to the Ecumenical Temple.
  2319 | Temple   | Entered the Ecumenical Temple
  2398 | Temple   | Became a worshipper of Gozag Ym Sagoz the Greedy
  2418 | D:4      | Noticed Tobisume's ghost (amateur DsGl)
  2629 | D:4      | Found a shadowy altar of Dithmenos.
  2650 | D:4      | Reached skill level 4 in Axes
  2865 | D:3      | Learned a level 2 spell: Song of Slaying
  2868 | D:3      | Learned a level 2 spell: Shroud of Golubria
  2902 | D:4      | Slain by an iguana

Action                   |  1- 3 |  4- 6 || total
-------------------------+-------+-------++-------
Melee: Hand axe          |   116 |    54 ||   170
 Cast: Infusion          |    24 |    14 ||    38
       Shroud of Golubri |       |     1 ||     1
